 Seeded DCSS version 0.27.0-1-g7a08968 (webtiles) character file.

Game seed: 17848141825139092340 (custom seed)

10124 NeededCrab the Grappler (level 11, -8/94 HPs)
             Began as a Troll Fighter on Oct 22, 2021.
             Was a High Priest of the Shining One.
             Killed from afar by an electric eel (10 damage)
             ... with a bolt of electricity
             ... on level 11 of the Dungeon.
             The game lasted 00:24:25 (8358 turns).

NeededCrab the Grappler (Troll Fighter)             Turns: 8358, Time: 00:24:26

Health: -8/94      AC: 28    Str: 26    XL:     11   Next: 32%
Magic:  11/11      EV:  3    Int:  7    God:    the Shining One [*****.]
Gold:   767        SH: 13    Dex:  9    Spells: 10/10 levels left

rFire    + + .     SeeInvis .     - Unarmed
rCold    + . .     Faith    +   G - +2 kite shield
rNeg     + + .     Spirit   .   a - +9 scales of the Dragon King {rPois rF+ rC+ Will+}
rPois    +         Reflect  .   (helmet restricted)
rElec    .         Harm     .   K - +0 cloak
rCorr    .         Rampage  .   (gloves unavailable)
Will     +....                  (boots unavailable)
Stlth    ..........             g - amulet of faith
HPRegen  1.25/turn              C - ring of protection from fire
MPRegen  0.12/turn              E - ring of poison resistance

@: glowing, studying Staves
A: large, unfitting armour, claws 3, regeneration 1, shaggy fur 1, tough skin 1
a: Renounce Religion, Divine Shield, Cleansing Flame, Summon Divine Warrior


You were on level 11 of the Dungeon.
You worshipped the Shining One.
The Shining One was extremely pleased with you.
You visited 1 branch of the dungeon, and saw 11 of its levels.
You also visited: Sewer.

You collected 767 gold pieces.

Inventory:

Armour
 a - the +9 scales of the Dragon King (worn) {rPois rF+ rC+ Will+}
   (You found it on level 8 of the Dungeon)

   rF:        It protects you from fire.
   rC:        It protects you from cold.
   rPois:     It protects you from poison.
   Will:      It increases your willpower.
 G - a +2 kite shield (worn)
 K - a +0 cloak (worn)
Jewellery
 g - an amulet of faith (around neck)
 m - an amulet of reflection
 C - a ring of protection from fire (left claw)
 E - a ring of poison resistance (right claw)
 I - a ring of ice
Wands
 b - a wand of iceblast (14)
 n - a wand of acid (12)
 x - a wand of flame (20)
 D - a wand of paralysis (12)
 F - a wand of polymorph (7)
Scrolls
 c - a scroll of acquirement {unknown}
 e - 3 scrolls of immolation {unknown}
 j - 7 scrolls of teleportation {unknown}
 l - a scroll of blinking {unknown}
 o - 9 scrolls of identify {unknown}
 q - 3 scrolls of fog {unknown}
 r - 3 scrolls of amnesia {unknown}
 s - 2 scrolls of magic mapping {unknown}
 t - 2 scrolls of enchant weapon {unknown}
 y - 2 scrolls of vulnerability {unknown}
 H - 2 scrolls of enchant armour {unknown}
 J - a scroll of noise {unknown}
 L - a scroll of silence {unknown}
 M - a scroll of brand weapon {unknown}
Potions
 d - a potion of heal wounds {unknown}
 f - 5 potions of lignification {unknown}
 h - 2 potions of degeneration {unknown}
 i - a potion of attraction {unknown}
 k - 3 potions of curing {unknown}
 p - 2 potions of cancellation {unknown}
 u - a potion of brilliance {unknown}
 v - a potion of mutation {unknown}
 w - a potion of resistance {unknown}
 z - a potion of berserk rage
 A - 2 potions of might
 B - 5 potions of magic {unknown}


   Skills:
 - Level 2.4 Fighting
 + Level 6.9 Armour
 - Level 2.4 Dodging
 - Level 9.0 Shields
 * Level 11.8 Unarmed Combat
 + Level 2.3 Invocations


You had 10 spell levels left.
You didn't know any spells.
Your spell library contained the following spells:

 Spells                   Type           Power      Damage    Failure   Level
 Summon Small Mammal      Summ           0%         N/A       100%        1
 Slow                     Hex            0%         N/A       100%        2
 Call Canine Familiar     Summ           0%         N/A       100%        3
 Confusing Touch          Hex            0%         N/A       100%        3
 Ignite Poison            Fire/Tmut/Pois 0%         N/A       100%        3
 Mephitic Cloud           Conj/Pois/Air  0%         N/A       100%        3
 Ozocubu's Armour         Ice            0%         N/A       100%        3
 Summon Guardian Golem    Hex/Summ       0%         N/A       100%        3
 Vampiric Draining        Necr           0%         2d6       100%        3
 Bolt of Magma            Conj/Fire/Erth 0%         4d4       100%        5
 Orb of Destruction       Conj           0%         N/A       100%        7
 Ozocubu's Refrigeration  Ice            0%         4d5       100%        7
 Spellforged Servitor     Conj/Summ      0%         N/A       100%        7


Dungeon Overview and Level Annotations

Branches:
Dungeon (11/15)            Temple (0/1) D:4            Lair (0/6) D:11
  Sewer (visited)
    Orc: D:9-12

Altars:
Dithmenos
Elyvilon
Hepliaklqana
Kikubaaqudgha
Nemelex Xobeh
Qazlal
The Shining One

Shops:
D:4 :   D:7 *   D:8 *

Annotations:
D:7 3 runed translucent doors, ees's ghost, novice DrCj


Innate Abilities, Weirdness & Mutations

You are too large for most types of armour.
You have claws for hands.
Your natural rate of healing is unusually fast.
You are covered in fur. (AC +1)
You have tough skin. (AC +1)


Message History

Found a white marble altar of Elyvilon.
Found 19 poisoned darts.
You claw the plant!
The plant begins to die.
The plant is lightly damaged.
The electric eel shoots out a bolt of lightning at you!
The bolt of electricity hits you but does no damage.
The bolt of electricity hits the plant!
You claw the plant!
The plant begins to die.
The plant is lightly damaged.
The electric eel shoots out a bolt of lightning at you!
The bolt of electricity hits the plant!
The bolt of electricity hits you but does no damage. x2
The bolt of electricity hits the plant!
A nearby plant withers and dies.
The electric eel shoots out a bolt of lightning at you!
The bolt of electricity hits you! The bolt of electricity hits you.
The electric eel shoots out a bolt of lightning at you!
The bolt of electricity hits you! x2
The electric eel shoots out a bolt of lightning at you!
The bolt of electricity hits you! x2
The electric eel shoots out a bolt of lightning at you!
The bolt of electricity hits you.
The bolt of electricity hits you but does no damage.
A nearby plant withers and dies.
The electric eel shoots out a bolt of lightning at you!
The bolt of electricity hits you!
* * * LOW HITPOINT WARNING * * *
The bolt of electricity hits you!
* * * LOW HITPOINT WARNING * * *
The electric eel shoots out a bolt of lightning at you!
The bolt of electricity hits you but does no damage.
The bolt of electricity hits you!
* * * LOW HITPOINT WARNING * * *
The electric eel shoots out a bolt of lightning at you!
The bolt of electricity hits you!
* * * LOW HITPOINT WARNING * * *
The bolt of electricity hits you but does no damage.
The electric eel shoots out a bolt of lightning at you!
The bolt of electricity hits you!
You die...

#.......# ##.......###.##.
#.>.....###.........##.#..
##........+.........'.....
#...(.####.........##.#..
#.##..# ##.......###.##.
#. ##.## ##..<..## #.... #
#..# ##...## #####
##.#######+## #.P@......P#
#..#..#..#(#
...≈≈≈≈≈≈≈≈≈≈≈≈≈.
._...............#
...≈≈≈≈≈≈;;≈≈≈≈≈.#
≈⌠≈≈##.P#..#.P#.## ≈≈≈#
#..P.......# ###
#.###.###.## #. .. ..


You could see 2 electric eels.

Vanquished Creatures
  2 two-headed ogres
  Pikel (D:4)
  Joseph (D:9)
  A troll (D:10)
  Grinder (D:5)
  2 hornets
  A meliai zombie (D:11)
  Sigmund (D:2)
  A shadow (D:10)
  10 yaks
  2 vampire mosquitoes (D:9)
  2 steam dragons
  2 acid dragons
  Edmund (D:4)
  3 wargs (D:11)
  Purgy (Sewer)
  2 ice beasts (D:8)
  A sky beast (D:7)
  A hornet zombie (D:8)
  4 orc warriors
  3 ogres
  A necrophage (D:6)
  A phantom (D:5)
  4 centaurs
  2 kobold brigands
  4 bullfrogs
  A gnoll sergeant (D:6)
  2 scorpions
  A water moccasin zombie (D:6)
  A wyvern skeleton (D:7)
  A killer bee (D:10)
  A howler monkey (D:3)
  4 centaur zombies
  2 centaur skeletons
  4 hounds
  A gnoll shaman (D:7)
  11 orc priests
  2 bullfrog skeletons
  Ijyb (D:4)
  Terence (D:3)
  Natasha (thrice) (D:2)
  13 orc wizards
  2 killer bee zombies
  A hound skeleton (D:4)
  A howler monkey zombie (D:10)
  A howler monkey skeleton (D:5)
  8 gnolls (D:7)
  9 adders
  A shadow imp (D:7)
  4 white imps
  A worm (D:2)
  3 dart slugs
  37 orcs
  10 ball pythons
  6 endoplasms
  2 giant cockroaches
  4 goblins
  6 hobgoblins
  4 jackals (D:3)
  3 quokkas
  4 bats
  8 frilled lizards
  10 kobolds
  3 rats
232 creatures vanquished.

Vanquished Creatures (others)
  A human (D:9)
  2 plants (D:11)
3 creatures vanquished.

Grand Total: 235 creatures vanquished

Notes
Turn   | Place    | Note
-------+----------+-------------------------------------------
     0 | D:1      | NeededCrab the Troll Fighter began the quest for the Orb.
     0 | D:1      | Reached XP level 1. HP: 22/22 MP: 0/0
   153 | D:1      | Reached XP level 2. HP: 29/29 MP: 1/1
  1022 | D:2      | Noticed Natasha
  1027 | D:2      | Noticed a crimson imp
  1038 | D:2      | Killed Natasha
  1039 | D:2      | Reached XP level 3. HP: 36/36 MP: 2/2
  1044 | D:2      | Noticed Natasha
  1057 | D:2      | Killed Natasha
  1058 | D:2      | Reached skill level 1 in Armour
  1058 | D:2      | Reached skill level 3 in Unarmed Combat
  1062 | D:2      | Noticed a golden eye
  1064 | D:2      | Found a faded altar of an unknown god.
  1067 | D:2      | Noticed a golden eye
  1067 | D:2      | Noticed a great orb of eyes
  1067 | D:2      | Noticed a great orb of eyes
  1072 | D:2      | Became a worshipper of the Shining One
  1072 | D:2      | Reached * piety under the Shining One
  1121 | D:2      | Reached XP level 4. HP: 44/44 MP: 3/3
  1135 | D:2      | Noticed Natasha
  1140 | D:2      | Killed Natasha
  1150 | D:2      | Noticed Sigmund
  1160 | D:2      | HP: 1/44 [frozen (2)]
  1165 | D:2      | HP: 2/66 [endoplasm (1)]
  1166 | D:2      | Killed Sigmund
  1167 | D:2      | Reached skill level 4 in Unarmed Combat
  1167 | D:2      | Reached XP level 5. HP: 3/50 MP: 4/4
  1167 | D:2      | Reached XP level 6. HP: 4/59 MP: 5/5
  1536 | D:3      | Found a stormy altar of Qazlal.
  1805 | D:3      | Found a white marble altar of Elyvilon.
  2165 | D:3      | Noticed Terence
  2170 | D:3      | Killed Terence
  2454 | D:4      | Found a glowing drain.
  2459 | Sewer    | Entered a sewer
  2549 | Sewer    | Noticed Purgy
  2557 | Sewer    | Killed Purgy
  2558 | Sewer    | Reached skill level 5 in Unarmed Combat
  2558 | Sewer    | Reached XP level 7. HP: 64/66 MP: 6/6
  2937 | D:4      | Found a staircase to the Ecumenical Temple.
  2964 | D:4      | Noticed Ijyb
  2975 | D:4      | Killed Ijyb
  3004 | D:4      | Found Sahekh's Book Shop.
  3017 | D:4      | Noticed Edmund
  3066 | D:4      | Killed Edmund
  3067 | D:4      | Reached skill level 5 in Shields
  3334 | D:4      | Noticed Pikel
  3348 | D:4      | Killed Pikel
  3349 | D:4      | Reached skill level 6 in Unarmed Combat
  3349 | D:4      | Reached XP level 8. HP: 52/74 MP: 7/7
  3597 | D:5      | Entered Level 5 of the Dungeon
  3597 | D:5      | Reached ** piety under the Shining One
  3703 | D:5      | Reached skill level 7 in Unarmed Combat
  4221 | D:5      | Noticed Grinder
  4235 | D:5      | Killed Grinder
  4387 | D:6      | Reached XP level 9. HP: 80/80 MP: 8/8
  4543 | D:6      | Reached skill level 8 in Unarmed Combat
  4888 | D:6      | Reached *** piety under the Shining One
  5263 | D:7      | Found a runed translucent gate.
  5425 | D:7      | Reached skill level 9 in Unarmed Combat
  5449 | D:7      | Found a runed translucent gate.
  5449 | D:7      | Found a runed translucent gate.
  5485 | D:7      | Noticed ees's ghost (novice DrCj)
  5520 | D:7      | Reached skill level 5 in Armour
  5645 | D:6      | Reached XP level 10. HP: 33/88 MP: 9/9
  5982 | D:7      | Found Xufauh's Assorted Antiques.
  6074 | D:8      | Reached **** piety under the Shining One
  6170 | D:8      | Found the +9 scales of the Dragon King {rPois rF+ rC+
                  | Will+}
  6731 | D:8      | Found Liheynt's Gadget Gallery.
  6847 | D:9      | Noticed a two-headed ogre
  6860 | D:8      | Killed a two-headed ogre
  6861 | D:8      | Reached skill level 10 in Unarmed Combat
  6896 | D:9      | Found an ancient bone altar of Kikubaaqudgha.
  6944 | D:9      | Reached ***** piety under the Shining One
  6951 | D:9      | You fall into a shaft and drop 1 floor!
  6951 | D:10     | Entered Level 10 of the Dungeon
  7008 | D:10     | Found a hazy altar of Hepliaklqana.
  7011 | D:10     | Found a shadowy altar of Dithmenos.
  7175 | D:9      | Reached skill level 11 in Unarmed Combat
  7331 | D:9      | Noticed Joseph
  7344 | D:9      | Killed Joseph
  7505 | D:10     | Reached XP level 11. HP: 73/94 MP: 10/10
  7586 | D:10     | Reached skill level 1 in Invocations
  7685 | D:10     | Found a sparkling altar of Nemelex Xobeh.
  7745 | D:10     | Noticed a two-headed ogre
  7756 | D:10     | Killed a two-headed ogre
  8152 | D:11     | Found a staircase to the Lair.
  8349 | D:11     | Found a white marble altar of Elyvilon.
  8358 | D:11     | HP: 2/94 [electric eel/bolt of electricity (7)]
  8358 | D:11     | Killed from afar by an electric eel

Illustrated notes

Levels and vault maps discovered:
D:1:      onia_arrival_handbag, layout_basic
D:2:      layout_basic, hellmonk_ecumenical_altar_watching_god, st_stairs_11,
          minmay_misc_feat_four_crosses, uniq_sigmund, uniq_natasha
D:3:      layout_basic, nicolae_qazlal_eye_of_the_storm, general_overflow_altar,
          minmay_increasing_density, uniq_terence
D:4:      layout_basic, minmay_temple_entry_slanted, serial_shops,
          shop_fountains, portal_sewer_entry_e, amcnicky_mini_corridor_feature,
          chequers_decorated_corner, hangedman_decor_slide_cut,
          chequers_serial_rivers_micro_b, kennysheep_generic_room_5, uniq_ijyb,
          uniq_pikel, uniq_edmund
D:5:      kb_forest_paths, layout_loops_ring, minmay_misc_feat_chi, uniq_grinder
D:6:      layout_loops_cross
D:7:      layout_basic, gammafunk_ghost_necromancy, serial_shops,
          kennysheep_mini_moat
D:8:      wander_river, layout_loops_cross,
          hangedman_abyss_or_decor_lesser_grid, nicolae_shop_gadgets
D:9:      layout_cave_pools, tgw_kikubaaqudgha, uniq_joseph
D:10:     layout_roguey, riverfiend_overflow_shadow_ancestor,
          nemelex_altar_shiori, st_stairs_5
D:11:     layout_loops_corners, erik_lair_orcish_takeover, serial_shops,
          nicolae_shop_overgrown_old_shop, nicolae_elyvilon_temple_path

Skill      XL: |  1  2  3  4  5  6  7  8  9 10 11 |
---------------+----------------------------------+-----
Shields        | 3 4 5 6 8 9 |  9.0
Armour         | 1 2 3 4 5 6 |  6.9
Unarmed Combat | 3 4 5 6 7 9 11 | 11.8
Invocations    | 2 |  2.3
Fighting       | |  2.4
Dodging        | |  2.4

Action                   |  1- 3 |  4- 6 |  7- 9 | 10-12 || total
-------------------------+-------+-------+-------+-------++-------
Melee: Unarmed           |    55 |   115 |   302 |   227 ||   699
Invok: Divine Shield     |       |       |     1 |       ||     1
  Use: Potion            |       |     2 |       |       ||     2
Armor: Robe              |    12 |    28 |    65 |     3 ||   108
       Gold dragon scale |       |       |       |    97 ||    97
Dodge: Dodged            |    13 |    26 |    77 |    20 ||   136
Block: Kite shield       |    18 |    64 |   169 |   126 ||   377
